 Dungeon Crawl Stone Soup version 0.15.0-12-gccce430 (webtiles) character file.

124 MDvedh the Stinger (level 5, -5/28 HPs)
             Began as a Gargoyle Venom Mage on Sept 1, 2014.
             Killed from afar by Grinder (8 damage)
             ... with a wand of flame
             ... on Level 3 of the Dungeon.
             The game lasted 00:09:01 (3546 turns).

MDvedh the Stinger (Gargoyle Venom Mage)            Turns: 3546, Time: 00:09:02

HP  -5/28        AC  7     Str 12      XL: 5   Next:  8%
MP   9/9         EV 12     Int 16      God:
Gold 218         SH  0     Dex 10      Spells:  2 memorised,  3 levels left

rFire  . . .     SeeInvis .     h - +0 whip
rCold  . . .     Clarity  .     a - +0 robe
rNeg   + . .     rCorr    .     (no shield)
rPois  +         rRot     +     (no helmet)
rElec  +         Spirit   .     n - +0 cloak
SustAb .         Warding  .     (no gloves)
rMut   .         Stasis   .     (no boots)
Gourm  .                        (no amulet)
MR     .....                    (no ring)
                                (no ring)

@: not resistant to hostile enchantments, unstealthy
A: negative energy resistance 1, electricity resistance, unbreathing,
petrification resistance, rot immunity, AC +4
a: no special abilities


You were on level 3 of the Dungeon.
You were hungry.

You visited 1 branch of the dungeon, and saw 3 of its levels.

You collected 218 gold pieces.

Inventory:

Hand weapons
 h - a +0 whip (weapon)
Armour
 a - a +0 robe (worn)
 n - a +0 cloak (worn)
Comestibles
 c - 6 bread rations
 f - 3 fruits
 g - 2 meat rations
 q - 2 beef jerkies
 r - a slice of pizza
Scrolls
 d - a scroll of magic mapping {unknown}
 e - a scroll of fog {unknown}
 i - a scroll of amnesia {unknown}
 l - 4 scrolls of enchant armour {unknown}
 m - a scroll of fear {unknown}
 o - a scroll of identify {unknown}
 p - a scroll of recharging {unknown}
 u - a scroll of teleportation {unknown}
Potions
 j - a potion of magic {unknown}
 k - a potion of decay {unknown}
 t - a potion of invisibility {unknown}
Books
 b - a Young Poisoner's Handbook

   Spells                             Type                      Level
   *Sting                             Conjuration/Poison           1
   Cure Poison                        Poison                       2
   Mephitic Cloud                     Conjuration/Poison/Air       3
   *Olgreb's Toxic Radiance           Poison                       4
   Venom Bolt                         Conjuration/Poison           5


   Skills:
 + Level 1.3 Maces & Flails
 - Level 1.5 Dodging
 - Level 2.1 Stealth
 - Level 2.0 Spellcasting
 + Level 6.0 Poison Magic


You had 3 spell levels left.
You knew the following spells:

 Your Spells              Type           Power        Failure   Level  Hunger
a - Sting                 Conj/Pois      ##..         8%          1    #......
b - Olgreb's Toxic Radia  Pois           ###.....     17%         4    #####..


Dungeon Overview and Level Annotations

Branches:
Dungeon (3/15)

Altars:
Ashenzari
Makhleb
Nemelex Xobeh

Annotations:
D:3 Grinder


Innate Abilities, Weirdness & Mutations

You are resistant to torment.
You are immune to poison.
Your stone body is very resilient (AC +4).
You resist negative energy.
You are resistant to electric shocks.
You can survive without breathing.
You are immune to petrification.
You are immune to rotting.


Message History

You can move again.
Unknown command.
Unknown command.
Unknown command.
Grinder zaps a wand.
The puff of flame misses you.
There is an open door here.
Unknown command.
Unknown command.
There is an open door here.
Things that are here:
a leather armour; an orc corpse Grinder says, "There's only one good use for a tongue: cutting it out."
Grinder zaps a wand.
The puff of flame hits you!
* * * LOW HITPOINT WARNING * * *
There is an open door here.
Drink which item? (? for menu, Esc to quit)
Okay, then.
Unknown command.
Grinder zaps a wand.
The puff of flame hits you!
You die...

########.#...###5##....##########
#.##### #.##....# #.# #.##....#
#.## #.##....# ###..# #.##....#
#....## #.####### #.....# #.#
#.....# #.# #.....## #@# ######
#.....)# #.# #..... #....#.# #.#
#.#... #....#.# #.# #...#.
######(## #.# ##.)### #(.# #.#
##..#### #######.###.# #).###.#
........(.##.# #(###._.
#######.###.# #..###.#


You could see Grinder.

Vanquished Creatures
  5 adders
  2 worms (D:2)
  An orc (D:3)
  2 giant cockroaches (D:1)
  9 goblins
  4 hobgoblins
  6 jackals
  3 quokkas
  2 ball pythons
  8 bats
  5 giant newts
  13 kobolds
  5 rats
65 creatures vanquished.

Notes
Turn   | Place    | Note
--------------------------------------------------------------
     0 | D:1      | MDvedh, the Gargoyle Venom Mage, began the quest for the Orb.
     0 | D:1      | Reached XP level 1. HP: 10/10 MP: 3/3
   524 | D:1      | Reached XP level 2. HP: 6/15 MP: 0/4
  1395 | D:1      | Reached XP level 3. HP: 19/19 MP: 3/6
  1624 | D:1      | Reached skill level 5 in Poison Magic
  1803 | D:2      | Reached XP level 4. HP: 15/24 MP: 2/7
  1937 | D:2      | Learned a level 4 spell: Olgreb's Toxic Radiance
  2703 | D:2      | Reached skill level 1 in Maces & Flails
  2978 | D:3      | Reached XP level 5. HP: 28/28 MP: 7/9
  3024 | D:3      | Found a sparkling altar of Nemelex Xobeh.
  3316 | D:3      | Reached skill level 6 in Poison Magic
  3393 | D:3      | Found a shattered altar of Ashenzari.
  3394 | D:3      | Found a burning altar of Makhleb.
  3505 | D:3      | Noticed Grinder
  3506 | D:3      | Paralysed by Grinder for 3 turns
  3546 | D:3      | Killed from afar by Grinder

Action                   |  1- 3 |  4- 6 || total
-------------------------+-------+-------++-------
Melee: Unarmed           |    26 |       ||    26
       Whip              |    39 |    40 ||    79
 Cast: Sting             |    58 |    63 ||   121
  Eat: Chunk             |     4 |     6 ||    10
